 Dungeon Crawl Stone Soup version 0.17-a0-1625-g47e540b (webtiles) character file.

103 urechis the Cudgeler (level 4, 0/50 HPs)
             Began as an Ogre Fighter on Aug 2, 2015.
             Slain by a gnoll
             ... wielding a +0 halberd
              (7 damage)
             ... on level 2 of the Dungeon.
             The game lasted 00:03:04 (1454 turns).

urechis the Cudgeler (Ogre Fighter)                 Turns: 1454, Time: 00:03:04

Health: 0/50       AC:  3    Str: 22    XL:     4   Next: 79%
Magic:  4/4        EV:  8    Int:  7    God:
Gold:   111        SH:  8    Dex:  9    Spells: 0 memorised, 3 levels left

rFire  . . .     SeeInvis .     a - +0 flail
rCold  . . .     Clarity  .     b - +0 robe
rNeg   . . .     SustAt   .     c - +0 shield
rPois  .         Gourm    .     (helmet restricted)
rElec  .         Spirit   .     (no cloak)
rCorr  .         Warding  .     (gloves unavailable)
rMut   .         Stasis   .     (boots unavailable)
MR     .....                    (no amulet)
Stlth  +.........               (no ring)
                                g - ring of flight

@: not resistant to hostile enchantments, very unstealthy
A: unfitting armour, tough skin 1
a: Evoke Flight


You were on level 2 of the Dungeon.
You were not hungry.

You visited 1 branch of the dungeon, and saw 2 of its levels.

You collected 111 gold pieces.

Inventory:

Hand weapons
 a - a +0 flail (weapon)
Armour
 b - a +0 robe (worn)
 c - a +0 shield (worn)
Jewellery
 g - a ring of flight (left hand)
Scrolls
 f - 2 scrolls of recharging {unknown}
 i - 2 scrolls of noise {unknown}
 k - 4 scrolls of teleportation {unknown}
 l - a scroll of magic mapping {unknown}
 m - a scroll of enchant armour {unknown}
 n - a scroll of identify {unknown}
Potions
 d - a potion of might
 h - a potion of heal wounds {unknown}
 j - 2 potions of degeneration {unknown}
 o - a potion of lignification {unknown}
 p - a potion of magic {unknown}
Comestibles
 e - a bread ration
 q - a meat ration


   Skills:
 + Level 5.0 Fighting
 * Level 5.5 Maces & Flails
 - Level 2.6 Dodging
 - Level 2.6 Shields


You had 3 spell levels left.
You didn't know any spells.

Dungeon Overview and Level Annotations

Branches:
Dungeon (2/15)

Altars:
Dithmenos
Jiyva


Innate Abilities, Weirdness & Mutations

You are too large for most types of armour.
You have tough skin (AC +1).


Message History

There are monsters nearby!
You closely miss the gnoll.
The gnoll shouts!
The gnoll hits you with a halberd! You block the gnoll's attack.
You closely miss the gnoll. The gnoll closely misses you.
The gnoll hits you from afar with a halberd.
You hit the gnoll.
The gnoll is lightly wounded.
The gnoll hits you with a halberd! You block the gnoll's attack.
You closely miss the gnoll.
The gnoll is lightly wounded.
The gnoll hits you from afar with a spear!
The gnoll hits you with a halberd!
* * * LOW HITPOINT WARNING * * *
You block the gnoll's attack. The gnoll barely misses you.
You are too injured to fight recklessly!
You are too injured to fight recklessly!
You are too injured to fight recklessly!
The gnoll hits you from afar with a halberd!
You die...

####### #.....# # #
#.....# .# #.# #...[.#
###.## .#...
##.....###.....
.!....###.......#.....
.....gg.@.......#..#.#
###.#g###.#..##.#..#.#
. ..
...#..........###.
##### ##
##..#.###.#..#.....
....#
.........#........
.##.#
......#####.......#
.##.#
##...........†.).##
.>#.# ##########..###
..#.# #.(####


You could see 3 gnolls.

Vanquished Creatures
  Terence (D:2)
  2 adders (D:2)
  2 oozes
  2 giant geckos
  2 giant cockroaches (D:1)
  5 goblins
  6 hobgoblins (D:1)
  3 jackals (D:1)
  12 kobolds
  A quokka (D:2)
  A ball python (D:2)
  5 bats
  4 giant newts
  5 rats
51 creatures vanquished.

Notes
Turn   | Place    | Note
--------------------------------------------------------------
     0 | D:1      | urechis the Ogre Fighter began the quest for the Orb.
     0 | D:1      | Reached XP level 1. HP: 24/24 MP: 1/1
   117 | D:1      | Found a viscous altar of Jiyva.
   117 | D:1      | Noticed a jelly
   117 | D:1      | Noticed a jelly
   117 | D:1      | Noticed a jelly
   117 | D:1      | Noticed a jelly
   117 | D:1      | Noticed a jelly
   118 | D:1      | Noticed a jelly
   139 | D:1      | Reached XP level 2. HP: 16/32 MP: 2/2
   633 | D:1      | Reached XP level 3. HP: 33/40 MP: 3/3
  1031 | D:2      | Noticed Terence
  1042 | D:2      | Killed Terence
  1042 | D:2      | Reached skill level 5 in Maces & Flails
  1042 | D:2      | Reached XP level 4. HP: 28/49 MP: 4/4
  1207 | D:2      | Found a shadowy altar of Dithmenos.
  1298 | D:2      | Reached skill level 5 in Fighting
  1454 | D:2      | Slain by a gnoll

Vault maps used:
D:1:      erik_arrival_cave_to_civilisation
D:2:      kennysheep_the_goblin_king, old_standard_altar,
          minmay_strange_pillars, minmay_misc_feat_chi, uniq_terence

Action                   |  1- 3 |  4- 6 || total
-------------------------+-------+-------++-------
Melee: Flail             |   139 |    61 ||   200
 Stab: Sleeping          |     1 |     1 ||     2
  Eat: Chunk             |     1 |     1 ||     2
